 Dungeon Crawl Stone Soup version 0.22-a0-417-g1387785 (webtiles) character file.

190 KristoblXynda the Sneak (level 5, -2/24 HPs)
             Began as a Spriggan Enchanter on May 14, 2018.
             Killed from afar by Sigmund (6 damage)
             ... with a magic dart
             ... on level 3 of the Dungeon.
             The game lasted 00:10:11 (3496 turns).

KristoblXynda the Sneak (Spriggan Enchanter)        Turns: 3496, Time: 00:10:12

Health: -2/24      AC:  2    Str:  2 (5)  XL:     5   Next: 41%
Magic:  3/12       EV: 18    Int: 14 (16) God:
Gold:   206        SH:  0    Dex: 14 (17) Spells: 7/13 levels left

rFire    . . .     SeeInvis +   a - +2 dagger
rCold    . . .     Gourm    .   (shield restricted)
rNeg     . . .     Faith    .   b - +0 robe
rPois    .         Spirit   .   (helmet restricted)
rElec    .         Reflect  .   (no cloak)
rCorr    .         Harm     .   (gloves unavailable)
MR       .....                  (boots unavailable)
Stlth    +++.......             (no amulet)
HPRegen  0.08/turn              (no ring)
MPRegen  0.13/turn              (no ring)

@: very quick
A: very small, unfitting armour, see invisible, herbivore, speed 3, slow
metabolism 2
a: no special abilities


You were on level 3 of the Dungeon.
You were hungry.

You visited 1 branch of the dungeon, and saw 3 of its levels.

You collected 206 gold pieces.

Inventory:

Hand Weapons
 a - a +2 dagger (weapon)
Armour
 b - a +0 robe (worn)
Jewellery
 k - an uncursed amulet of rage {unknown}
Scrolls
 f - 2 scrolls of magic mapping
 h - 2 scrolls of remove curse
 i - a scroll of immolation
Potions
 c - a potion of degeneration
 e - a potion of mutation {unknown}
 g - a potion of cancellation {unknown}
 l - a potion of curing {unknown}
 n - a potion of flight {unknown}
Comestibles
 d - 3 rations


   Skills:
 - Level 1.1 Short Blades
 - Level 3.0 Dodging
 + Level 6.6 Stealth
 + Level 4.6 Spellcasting
 + Level 5.1 Hexes


You had 7 spell levels left.
You knew the following spells:

 Your Spells              Type           Power        Failure   Level  Hunger
a - Corona                Hex            ###....      2%          1    None
b - Ensorcelled Hibernat  Hex/Ice        ##....       10%         2    ##.....
c - Confuse               Hex            ###.....     7%          3    ###....

Your spell library contained the following spells:

 Spells                   Type           Power        Failure   Level  Hunger
 Tukima's Dance           Hex            ###.....     7%          3    ###....
 Dazzling Spray           Conj/Hex       ##....       19%         3    ###....


Dungeon Overview and Level Annotations

Branches:
Dungeon (3/15)

Altars:
Elyvilon
Fedhas
Makhleb
Okawaru
Qazlal

Annotations:
D:3 Sigmund


Innate Abilities, Weirdness & Mutations

You are very small and have problems with some larger weapons.
You are too small for most types of armour.
You have supernaturally acute eyesight. (SInv)
You are a herbivore.
You cover ground extremely quickly.
You need to consume almost no food.


Message History

You throw a tomahawk of returning.
The tomahawk of returning closely misses Sigmund.
The tomahawk of returning fails to return to your pack!
Sigmund points at you and mumbles some strange words.
The magic dart hits you!
* * * LOW HITPOINT WARNING * * *
Okay, then.
You see here a scroll of immolation.
Unknown command.
i - a scroll of immolation Unknown command.
It was a potion of degeneration.
There was something very wrong with that liquid.
You feel weakened.
You feel dopey.
You feel clumsy.
Sigmund gestures wildly while chanting.
Sigmund flickers and vanishes for a moment.
Unknown command.
Sigmund gestures at you while chanting. The magic dart hits you!
You die...

.# #.# .###.....#..........####
## #.###.........#..............
.####.......#...##............##†
...........(..#....#........#.##.
............#......#......(##.###
###..(......#.####...#@.........#
......##......# ##.............#
(.............####...............
....>(........<.@..###..........#
................#..###(..........
................#...##...........
..................#.##...........
.............(...##..#...........
.............<...###.............
..............#.................#
#.......<..............###...####
......##...........<.#.##..#.#


You could see Sigmund (invisible).

Vanquished Creatures
  2 orc wizards (D:3)
  6 adders
  3 worms (D:2)
  A dart slug (D:2)
  A leopard gecko (D:2)
  7 orcs
  5 bats
  4 giant cockroaches
  2 goblins (D:1)
  5 hobgoblins
  3 jackals (D:1)
  A ball python (D:3)
  6 frilled lizards
  12 kobolds
  9 rats
67 creatures vanquished.

Notes
Turn   | Place    | Note
-------+----------+-------------------------------------------
     0 | D:1      | KristoblXynda the Spriggan Enchanter began the quest for the Orb.
     0 | D:1      | Reached XP level 1. HP: 9/9 MP: 5/5
   363 | D:1      | Reached XP level 2. HP: 12/13 MP: 7/7
   381 | D:1      | Learned a level 2 spell: Ensorcelled Hibernation
   624 | D:1      | Reached skill level 5 in Stealth
  1226 | D:2      | Found a white marble altar of Elyvilon.
  1285 | D:2      | Reached XP level 3. HP: 13/16 MP: 0/8
  1290 | D:2      | Learned a level 3 spell: Confuse
  1380 | D:2      | You fall through a shaft!
  1492 | D:2      | Found a blossoming altar of Fedhas.
  1518 | D:2      | Found a stormy altar of Qazlal.
  1641 | D:2      | Found a burning altar of Makhleb.
  1747 | D:2      | Reached XP level 4. HP: 21/21 MP: 10/10
  2290 | D:3      | Found an iron altar of Okawaru.
  2527 | D:3      | Reached skill level 6 in Stealth
  2968 | D:3      | Reached XP level 5. HP: 23/24 MP: 1/12
  3333 | D:3      | Reached skill level 5 in Hexes
  3446 | D:3      | Noticed Sigmund
  3496 | D:3      | Killed from afar by Sigmund

Vault maps used:
D:1:      mrwooster_arrival_statue
D:2:      grunt_temple_overflow_forces_of_nature, bloody_makhleb,
          elyvilon_altar_1
D:3:      okawaru_gym_becter, uniq_sigmund

Skill      XL: |  1  2  3  4  5 |
---------------+----------------+-----
Spellcasting   | 3 4 |  4.6
Hexes          | 4 5 |  5.1
Stealth        | 5 6 |  6.6
Short Blades   | |  1.1
Dodging        | |  3.0

Action                   |  1- 3 |  4- 6 || total
-------------------------+-------+-------++-------
Melee: Dagger            |   133 |    73 ||   206
Throw: Tomahawk          |       |     1 ||     1
 Cast: Corona            |     1 |       ||     1
       Ensorcelled Hiber |    17 |    29 ||    46
       Confuse           |       |     3 ||     3
  Use: Scroll            |     1 |     4 ||     5
       Potion            |       |     3 ||     3
 Stab: Sleeping          |    21 |    21 ||    42
  Eat: Ration            |       |     1 ||     1
Armor: Robe              |    14 |    10 ||    24
Dodge: Dodged            |   126 |    63 ||   189

Table legend:
 A = Spawn XP
 B = Non-spawn XP
 C = Spawn XP percentage of total XP
 D = Spawn monster count
 E = Non-spawn monster count
 F = Spawn count percentage of total count
 G = Total turns spent on level
                    A         B        C        D         E        F      G
               +---------+---------+-------+---------+---------+-------+---------
         Total |       0 |     272 |   0.0 |       0 |      67 |   0.0 |  3496
               +---------+---------+-------+---------+---------+-------+---------
           D:1 |       0 |      31 |   0.0 |       0 |      21 |   0.0 |  1226
           D:2 |       0 |      84 |   0.0 |       0 |      23 |   0.0 |  1399
           D:3 |       0 |     157 |   0.0 |       0 |      23 |   0.0 |   871
               +---------+---------+-------+---------+---------+-------+---------
